 Dungeon Crawl Stone Soup version 0.26-a0-611-g354ed81502 (webtiles) character file.

Game seed: 9677270651726585757

64 Descartes the Covert (level 3, -2/17 HPs)
             Began as a Felid Delver on Sept 5, 2020.
             Slain by an orc
             ... wielding a +0 hand axe
              (3 damage)
             ... on level 4 of the Dungeon.
             The game lasted 00:02:34 (1102 turns).

Descartes the Covert (Felid Delver)                 Turns: 1102, Time: 00:02:34

Health: -2/17      AC:  1    Str:  9    XL:     3   Next: 91%
Magic:  4/4        EV: 18    Int: 11    God:
Gold:   48         SH:  0    Dex: 17    Spells: 2/2 levels left
                                        Lives:  0   Deaths: 0

rFire    . . .     SeeInvis +     - Unarmed
rCold    . . .     Faith    .   (shield unavailable)
rNeg     . . .     Spirit   .   (armour unavailable)
rPois    .         Reflect  .   (helmet unavailable)
rElec    .         Harm     .   (cloak unavailable)
rCorr    .                      (gloves unavailable)
MR       .....                  (boots unavailable)
Stlth    +++++.....             (no amulet)
HPRegen  0.05/turn              (no ring)
MPRegen  0.09/turn              (no ring)

@: quick
A: very small, no armour, no weapons or thrown items, stealth, claws 1, fangs 3,
see invisible, speed 1, shaggy fur 1, sharp paws
a: no special abilities


You were on level 4 of the Dungeon.
You visited 1 branch of the dungeon, and saw 2 of its levels.

You collected 48 gold pieces.

Inventory:

Missiles
 g - 16 stones
Wands
 e - a wand of digging (3)
Scrolls
 a - a scroll of fog
 b - 2 scrolls of magic mapping
 c - a scroll of fear
 i - a scroll of identify {unknown}
Potions
 d - a potion of haste
 f - a potion of ambrosia {unknown}
 h - a potion of might {unknown}


   Skills:
 - Level 3.0 Fighting
 - Level 2.6 Dodging
 + Level 8.6 Stealth
 - Level 2.0 Unarmed Combat


You had 2 spell levels left.
You didn't know any spells.
Your spell library was empty.

Dungeon Overview and Level Annotations

Branches:
Dungeon (5/15)
 Temple: D:4-7

Altars:


Innate Abilities, Weirdness & Mutations

You cannot wear armour.
You are incapable of wielding weapons or throwing items.
Your paws allow you to move quietly. (Stealth)
You have sharp claws.
You have razor-sharp teeth.
You have supernaturally acute eyesight. (SInv)
You cover ground quickly.
You are covered in fur. (AC +1)
Your sharp claws are effective at attacking unaware monsters.


Message History

Things that are here:
a +0 war axe; a +0 ring mail You now have 33 gold pieces (gained 10).
You now have 41 gold pieces (gained 8).
You now have 48 gold pieces (gained 7).
An orc wizard comes into view. It is wielding a +0 dagger.
There is a stone staircase leading down here.
An orc comes into view. It is wielding a +0 hand axe.
The orc shouts!
You hear a shout!
An orc wizard comes into view. It is wielding a +0 dagger.
The orc wizard gestures at you while chanting.
The puff of frost hits you!
Ouch! That really hurt!
The orc misses you. The orc completely misses you.
The orc hits you with a +0 hand axe!
* * * LOW HITPOINT WARNING * * *
There is an escape hatch in the ceiling here.
The orc wizard closely misses you. The orc hits you with a +0 hand axe.
You die...

#. #.# #.# #. #.# #
#. #.# ## ##. #. #.#
.. ...### #.####
#.####.##### #....
#....###..o@.......
##....
##.........o........
......
##.....##############
.##... #.###.......#
#... #####.#..#####.#
###.
............##.## #.
## ......>.........#
#.# .##..##.#.#.##..#
#.# .##.....#.#.# ..#
# #.#


You could see an orc wizard and an orc.

Vanquished Creatures
  A centaur skeleton (D:4)
  A worker ant (D:5)
  An ufetubus (D:5)
  An adder skeleton (D:4)
  An orc (D:4)
  A giant cockroach (D:4)
  A jackal (D:5)
7 creatures vanquished.

Notes
Turn   | Place    | Note
-------+----------+-------------------------------------------
     0 | D:5      | Descartes the Felid Delver began the quest for the Orb.
     0 | D:5      | Reached XP level 1. HP: 10/10 MP: 2/2
    25 | D:5      | Noticed a worker ant
    30 | D:5      | Killed a worker ant
    30 | D:5      | Reached skill level 7 in Stealth
    30 | D:5      | Reached XP level 2. HP: 14/14 MP: 3/3
    81 | D:5      | Noticed an ice beast
   114 | D:5      | Reached XP level 3. HP: 4/17 MP: 4/4
   115 | D:5      | Noticed a phantom
   505 | D:4      | Reached skill level 8 in Stealth
  1102 | D:4      | Slain by an orc

Illustrated notes

Levels and vault maps discovered:
D:4:      layout_loops_ring, uniq_crazy_yiuf_cottage
D:5:      layout_basic

Skill      XL: |  1  2  3 |
---------------+----------+-----
Stealth        | 7 8 |  8.6
Fighting       | |  3.0
Dodging        | |  2.6
Unarmed Combat | |  2.0

Action                   || total
-------------------------++-------
Melee: Unarmed           ||    34
       Bite              ||     4
 Stab: Sleeping          ||     1
Armor: Skin              ||     2
Dodge: Dodged            ||    39

Table legend: (Time is in decaauts)
 A = Elapsed time spent in this place.
 B = Non-inter-level travel time spent in this place.
 C = Inter-level travel time spent in this place.
 D = Time resting spent in this place.
 E = Time spent auto-exploring this place.
 F = Levels seen in this place.
 G = Mean time per level.
                   A        B        C        D        E       F      G
               +--------+--------+--------+--------+--------+-----+--------+
         Total |   1026 |   1026 |      0 |      0 |    750 |   2 |  513.0 |
       Dungeon |   1026 |   1026 |      0 |      0 |    750 |   2 |  513.0 |
               +--------+--------+--------+--------+--------+-----+--------+

Top non-repeatable levels by time:
     D:4: 916 daAuts
     D:5: 110 daAuts
